 Dungeon Crawl Stone Soup version 0.29.1-2-gbd0b4ee654 (webtiles) character file.

Game seed: 14094160521618136044

681 hilljack the Digger (level 7, -2/46 HPs)
             Began as a Human Earth Elementalist on Nov 6, 2022.
             Was an Initiate of Sif Muna.
             Slain by an orc warrior
             ... wielding a +0 battleaxe
              (19 damage)
             ... on level 6 of the Dungeon.
             The game lasted 00:07:38 (5277 turns).

hilljack the Digger (Human Earth Elementalist)      Turns: 5277, Time: 00:07:39

Health: -2/46      AC:  7    Str:  8    XL:     7   Next: 92%
Magic:  8/16       EV: 12    Int: 18    God:    Sif Muna [......]
Gold:   193        SH:  0    Dex: 19    Spells: 12/18 levels left

rFire   . . .      SeeInvis .   j - +3 mace (freeze)
rCold   . . .      Faith    .   (no shield)
rNeg    + . .      Spirit   .   a - +0 robe
rPois   .          Reflect  .   i - +0 helmet
rElec   .          Harm     .   f - +1 cloak
rCorr   .          Rampage  .   (no gloves)
Will    .....                   e - +1 pair of boots
Stlth   ++........              (no amulet)
HPRegen 0.15/turn               l - ring of positive energy
MPRegen 0.15/turn               r - +6 ring of dexterity

@: no status effects
A: no striking features
a: Renounce Religion


You were on level 6 of the Dungeon.
You worshipped Sif Muna.
Sif Muna was noncommittal.
You visited 2 branches of the dungeon, and saw 7 of its levels.

You collected 193 gold pieces.

Inventory:

Hand Weapons
 g - a +3 quarterstaff of chaos
 j - a +3 mace of freezing (weapon)
Armour
 a - a +0 robe (worn)
 e - a +1 pair of boots (worn)
 f - a +1 cloak (worn)
 i - a +0 helmet (worn)
Jewellery
 l - a ring of positive energy (left hand)
 r - a +6 ring of dexterity (right hand)
Scrolls
 c - 3 scrolls of poison
 d - a scroll of identify
 h - a scroll of teleportation
 n - a scroll of immolation
Potions
 b - a potion of magic
 k - a potion of attraction
 m - 3 potions of curing
 o - a potion of ambrosia
 p - a potion of resistance
 q - a potion of haste {unknown}


   Skills:
 - Level 2.0 Dodging
 - Level 2.0 Stealth
 + Level 6.0 Spellcasting
 - Level 1.0 Transmutations
 - Level 6.0 Earth Magic


You had 12 spell levels left.
You knew the following spells:

 Your Spells              Type           Power      Damage    Failure   Level
a - Sandblast             Erth           54%        2d13      1%          1
b - Passwall              Tmut/Erth      15%        N/A       4%          2
c - Stone Arrow           Conj/Erth      32%        3d9       11%         3

Your spell library contained the following spells:

 Spells                   Type           Power      Damage    Failure   Level
 Necrotise                Necr           20%        1d5       12%         1
 Slow                     Hex            20%        N/A       12%         1
 Blink                    Tloc           10%        N/A       19%         2
 Petrify                  Tmut/Erth      18%        N/A       28%         4
 Inner Flame              Hex/Fire       5%         N/A       34%         3
 Lesser Beckoning         Tloc           5%         N/A       34%         3
 Vampiric Draining        Necr           5%         2d6       34%         3
 Cause Fear               Hex            2%         N/A       75%         4
 Agony                    Necr           5%         N/A       97%         5
 Manifold Assault         Tloc           5%         N/A       97%         5
 Storm Form               Tmut/Air       3%         N/A       100%        7
 Discord                  Hex            2%         N/A       100%        8


Dungeon Overview and Level Annotations

Branches:
Dungeon (6/15)             Temple (1/1) D:5

Altars:
Ashenzari
Cheibriados
Elyvilon
Fedhas
Gozag
Hepliaklqana
Kikubaaqudgha
Makhleb
Okawaru
Qazlal
Ru
Sif Muna
Trog
Uskayaw
Vehumet
Wu Jian
Xom
Yredelemnul
Zin
The Shining One

Shops:
D:6 *


Message History

Aiming: Sandblast (safe; 1% risk of failure)
Press: ? - help, Shift-Dir - straight line, f/p - shadow imp
Aim: a shadow imp (severely wounded, 81% to hit)
The blast of sand hits the shadow imp.
You kill the shadow imp!
Sif Muna accepts your kill. The orc hits you with a +0 flail.
Your Spellcasting skill increases to level 6!
Casting: Sandblast (safe; 1% risk of failure)
Confirm with . or Enter, or press ? or * to list all spells.
Aiming: Sandblast (safe; 1% risk of failure)
Press: ? - help, Shift-Dir - straight line, f - orc
Aim: an orc, wielding a +0 flail and wearing a +0 ring mail (85% to hit)
The blast of sand misses the orc.
The orc wizard shouts!
You hear a shout!
The orc wizard mumbles some strange words.
The orc wizard flickers and vanishes!
Deactivating autopickup; reactivate with Ctrl-A.
An orc comes into view. It is wielding a +0 club.
The orc misses you.
The orc priest shouts!
The orc warrior attacks as you move away!
The orc warrior hits you with a +0 battleaxe!
An orc comes into view. It is wielding a +0 dagger.
An orc comes into view. It is wielding a +0 hand axe.
The orc shouts!
You hear a shout! x3
An orc comes into view. It is wielding a +0 short sword.
The orc throws a boomerang.
The boomerang barely misses you.
The orc moves out of view.
There is a stone staircase leading up here.
Casting: Sandblast (safe; 1% risk of failure)
Confirm with . or Enter, or press ? or * to list all spells.
Aiming: Sandblast (safe; 1% risk of failure)
Press: ? - help, Shift-Dir - straight line, f - orc warrior
Aim: an orc warrior, wielding a +0 battleaxe and wearing a +0 chain mail (81% to hit)
The blast of sand hits the orc warrior!
The orc warrior is moderately wounded.
The orc warrior hits you with a +0 broad axe!
The orc warrior hits you with a +0 battleaxe!!
You die...

..............
................
................
................ #
............... .##.
......)....... .....
...........# ####.....
#..........# #........
##.........#####@.....#
##.#.##.....ooooo......#
...#.#........>.#.....##
.....#..............###
...................##
................##.#
................# ##
.................#
...........#......#


You could see 2 orc warriors and 3 orcs.

Vanquished Creatures
  A black bear (D:5)
  A centaur (D:6)
  A necrophage (D:6)
  2 scorpions
  A wight (D:5)
  A hound (D:3)
  Crazy Yiuf (D:3)
  An iguana (D:6)
  Jessica (D:2)
  Terence (D:3)
  5 adders
  A shadow imp (D:6)
  2 ufetubi (D:5)
  2 dart slugs
  2 orcs (D:5)
  6 ball pythons
  6 endoplasms
  2 giant cockroaches
  5 goblins
  11 hobgoblins
  3 jackals (D:4)
  2 quokkas
  7 bats
  3 frilled lizards
  12 kobolds
  2 rats
82 creatures vanquished.

Vanquished Creatures (others)
  A fungus (D:3)
1 creature vanquished.

Grand Total: 83 creatures vanquished

Notes
Turn   | Place    | Note
-------+----------+-------------------------------------------
     0 | D:1      | hilljack the Human Earth Elementalist began the quest for
                  | the Orb.
     0 | D:1      | Reached XP level 1. HP: 13/13 MP: 3/3
   182 | D:1      | Found a faded altar of an unknown god.
   190 | D:1      | Got Plato's Secrets of Fascination
   292 | D:1      | Reached XP level 2. HP: 19/19 MP: 1/5
   918 | D:2      | Reached XP level 3. HP: 24/24 MP: 4/6
  1011 | D:2      | Found a blossoming altar of Fedhas.
  1245 | D:2      | Reached XP level 4. HP: 30/30 MP: 5/7
  1314 | D:2      | Learned a level 2 spell: Passwall
  1318 | D:2      | Learned a level 3 spell: Stone Arrow
  1779 | D:2      | Noticed Jessica
  1783 | D:2      | Killed Jessica
  1908 | D:3      | Found a large runed translucent door.
  1911 | D:3      | Found a large runed translucent door.
  1913 | D:3      | Noticed Terence
  1922 | D:3      | Killed Terence
  1923 | D:3      | Reached XP level 5. HP: 10/35 MP: 0/9
  2223 | D:3      | Reached skill level 5 in Earth Magic
  2719 | D:3      | Found a runed translucent door.
  2720 | D:3      | Noticed Crazy Yiuf
  2729 | D:3      | Killed Crazy Yiuf
  3005 | D:3      | Found an iron altar of Okawaru.
  3016 | D:3      | Found a hazy altar of Hepliaklqana.
  3400 | D:4      | Reached XP level 6. HP: 39/41 MP: 5/11
  3517 | D:4      | Found a glowing silver altar of Zin.
  3524 | D:4      | Found a blossoming altar of Fedhas.
  3525 | D:4      | Found a stormy altar of Qazlal.
  3525 | D:4      | Found a white marble altar of Elyvilon.
  3526 | D:4      | Found a sacrificial altar of Ru.
  4107 | D:5      | Entered Level 5 of the Dungeon
  4339 | D:5      | Found a staircase to the Ecumenical Temple.
  4347 | Temple   | Entered the Ecumenical Temple
  4394 | Temple   | Became a worshipper of Sif Muna the Loreminder
  4443 | D:5      | Noticed a black bear
  4452 | D:5      | Killed a black bear
  4459 | D:5      | Reached XP level 7. HP: 27/46 MP: 3/13
  4933 | D:6      | Found an ancient bone altar of Kikubaaqudgha.
  4941 | D:6      | Found Emocav's General Store.
  4952 | D:6      | Reached skill level 5 in Spellcasting
  5277 | D:6      | Slain by an orc warrior

Illustrated notes

Levels and vault maps discovered:
D:1:      zaba_arrival_water, layout_loops_ring,
          shapermc_ecumenical_altar_rom_forum
D:2:      layout_loops_ring, basic_altar, uniq_jessica
D:3:      layout_rooms, jmf_multi_god_temple2, uniq_crazy_yiuf_cottage,
          uniq_terence
D:4:      minmay_wonky_spiral, layout_loops_corners, grunt_temple_overflow_open
D:5:      layout_gridville, minmay_temple_entry_mini_moons, glass_columns_b,
          grunt_decor_resistance, st_stairs_11
D:6:      layout_cave_pools, mainiacjoe_overflow_concentric_impassable,
          kennysheep_mini_moat, enter_ossuary_2, cheibrodos_sewer_entry_bend,
          serial_shops, shop
Temple:   nicolae_temple_ecumenical_triangle

Skill      XL: |  1  2  3  4  5  6  7 |
---------------+----------------------+-----
Earth Magic    | 4 5 6 |  6.0
Spellcasting   | 3 4 6 |  6.0
Dodging        | |  2.0
Stealth        | |  2.0
Transmutations | |  1.0

Action                   |  1- 3 |  4- 6 |  7- 9 || total
-------------------------+-------+-------+-------++-------
Melee: Unarmed           |     4 |       |       ||     4
       Rapier            |     1 |       |       ||     1
       Falchion          |       |     9 |     4 ||    13
       Quarterstaff      |       |     4 |       ||     4
       Mace              |       |       |     3 ||     3
 Cast: Sandblast         |    39 |    82 |    29 ||   150
  Use: Scroll            |       |    11 |     2 ||    13
       Potion            |       |     1 |       ||     1
 Stab: Sleeping          |       |     1 |       ||     1
Armor: Robe              |     6 |    12 |    20 ||    38
Dodge: Dodged            |     7 |    43 |    20 ||    70
